 Dungeon Crawl Stone Soup version 0.27.1-33-g824d729ab1 (webtiles) character file.

Game seed: 16854754807578439386

49 McKennaii the Conjurer (level 3, -1/26 HPs)
             Began as a Demigod Conjurer on Dec 3, 2021.
             Slain by Robin (6 damage)
             ... on level 2 of the Dungeon.
             The game lasted 00:04:29 (1941 turns).

McKennaii the Conjurer (Demigod Conjurer)           Turns: 1941, Time: 00:04:31

Health: -1/26      AC:  5    Str:  8    XL:     3   Next: 33%
Magic:  1/10       EV: 12    Int: 24    God:
Gold:   44         SH:  0    Dex: 12    Spells: 7/8 levels left

rFire    . . .     SeeInvis .   (no weapon)
rCold    . . .     Faith    .   (no shield)
rNeg     . . .     Spirit   .   a - +0 robe
rPois    .         Reflect  .   (no helmet)
rElec    .         Harm     .   (no cloak)
rCorr    .         Rampage  .   (no gloves)
Will     .....                  b - +2 pair of boots
Stlth    ++........             (no amulet)
HPRegen  0.08/turn              (no ring)
MPRegen  0.12/turn              (no ring)

@: no status effects
A: high mp 1, forlorn
a: no special abilities


You were on level 2 of the Dungeon.
You visited 1 branch of the dungeon, and saw 2 of its levels.

You collected 44 gold pieces.

Inventory:

Armour
 a - a +0 robe (worn)
 b - a +2 pair of boots (worn)
Scrolls
 c - 2 scrolls of enchant weapon {unknown}
 d - a scroll of vulnerability {unknown}
 f - a scroll of identify {unknown}
 g - a scroll of amnesia {unknown}
Potions
 e - a potion of resistance {unknown}


   Skills:
 - Level 1.7 Dodging
 - Level 1.7 Stealth
 - Level 3.0 Spellcasting
 + Level 4.0 Conjurations


You had 7 spell levels left.
You knew the following spells:

 Your Spells              Type           Power      Damage    Failure   Level
a - Magic Dart            Conj           92%        1d7       1%          1

Your spell library contained the following spells:

 Spells                   Type           Power      Damage    Failure   Level
 Searing Ray              Conj           46%        3d4       3%          2
 Dazzling Flash           Conj/Hex       26%        N/A       14%         3
 Mephitic Cloud           Conj/Pois/Air  10%        N/A       19%         3
 Ignite Poison            Fire/Tmut/Pois 3%         N/A       32%         3
 Fulminant Prism          Conj/Hex       6%         3d7       43%         4
 Iskenderun's Mystic Bla  Conj/Tloc      13%        2d5       43%         4
 Bolt of Magma            Conj/Fire/Erth 5%         4d5       86%         5


Dungeon Overview and Level Annotations

Branches:
Dungeon (2/15)

Annotations:
D:2 Robin


Innate Abilities, Weirdness & Mutations

Your attributes grow dramatically as you level up.
You have an increased reservoir of magic. (+10% MP)
You shall have no god before yourself.


Message History

The magic dart hits Robin but does no damage.
Robin is heavily wounded.
Robin hits you from afar with a +0 spear.
Robin is nearby!
Casting: Magic Dart (safe; 1% risk of failure)
Confirm with . or Enter, or press ? or * to list all spells.
Aiming: Magic Dart (safe; 1% risk of failure)
Press: ? - help, Shift-Dir - straight line, f/p - Robin
Aim: Robin, wielding a +0 spear, wearing a +2 animal skin and wearing a +2 helmet (heavily wounded, 100% to hit)
The magic dart hits Robin.
Robin is heavily wounded.
Robin hits you from afar with a +0 spear.
* * * LOW HITPOINT WARNING * * *
Casting: Magic Dart (safe; 1% risk of failure)
Confirm with . or Enter, or press ? or * to list all spells.
Aiming: Magic Dart (safe; 1% risk of failure)
Press: ? - help, Shift-Dir - straight line, f/p - Robin
Aim: Robin, wielding a +0 spear, wearing a +2 animal skin and wearing a +2 helmet (heavily wounded, 100% to hit)
The magic dart hits Robin.
Robin is severely wounded.
Robin hits you from afar with a +0 spear.
* * * LOW HITPOINT WARNING * * *
Casting: Magic Dart (safe; 1% risk of failure)
Confirm with . or Enter, or press ? or * to list all spells.
Aiming: Magic Dart (safe; 1% risk of failure)
Press: ? - help, Shift-Dir - straight line, f/p - Robin
Aim: Robin, wielding a +0 spear, wearing a +2 animal skin and wearing a +2 helmet (severely wounded, 100% to hit)
The magic dart hits Robin.
Robin is severely wounded.
Robin barely misses you.
Your magical contamination has completely faded away.
Casting: Magic Dart (safe; 1% risk of failure)
Confirm with . or Enter, or press ? or * to list all spells.
Aiming: Magic Dart (safe; 1% risk of failure)
Press: ? - help, Shift-Dir - straight line, f/p - Robin
Aim: Robin, wielding a +0 spear, wearing a +2 animal skin and wearing a +2 helmet (severely wounded, 100% to hit)
The magic dart hits Robin but does no damage.
Robin is severely wounded.
Robin hits you from afar with a +0 spear.
You die...

#....# #.# #.# #..... #....#
#####+## #.#### #...##
##...## #.#### ##.####
##.....## #.....
#.##.######.......## ##.###.
#.#...#.#.#.#......# ##...##.
#..................+ ........
#.#...#.#.#.#......####......
#.##.#......@.....## ####...
#.#####.#.#.#....## #... #.#
#........g.## ♣... ...
##.#.#.##'## ♣... ###
########.# ♣♣.♣ ## #.# .♣ #.#
##.## ♣♣ #.##...### #.......#


You could see Robin.

Vanquished Creatures
  2 worms
  2 dart slugs (D:1)
  5 bats (D:1)
  An endoplasm (D:1)
  A giant cockroach (D:1)
  9 goblins
  6 hobgoblins
  3 jackals (D:1)
  A quokka (D:1)
  2 ball pythons (D:1)
  A rat (D:1)
33 creatures vanquished.

Notes
Turn   | Place    | Note
-------+----------+-------------------------------------------
     0 | D:1      | McKennaii the Demigod Conjurer began the quest for the Orb.
     0 | D:1      | Reached XP level 1. HP: 14/14 MP: 5/5
   267 | D:1      | Reached XP level 2. HP: 20/20 MP: 4/8
  1570 | D:2      | Reached XP level 3. HP: 26/26 MP: 3/10
  1813 | D:2      | Reached skill level 4 in Conjurations
  1823 | D:2      | Noticed Robin
  1941 | D:2      | Slain by Robin

Illustrated notes

Levels and vault maps discovered:
D:1:      eino_arrival_water_star, layout_basic, ebering_ecumenical_altar_webs
D:2:      layout_loops_corners, st_stairs_8, uniq_robin, uniq_crazy_yiuf_cottage

Skill      XL: |  1  2  3 |
---------------+----------+-----
Spellcasting   | 2 3 |  3.0
Conjurations   | 4 |  4.0
Dodging        | |  1.7
Stealth        | |  1.7

Action                   || total
-------------------------++-------
Melee: Unarmed           ||    63
 Cast: Magic Dart        ||   119
Armor: Robe              ||    30
Dodge: Dodged            ||    49
